AoeStats
← E-d-d-i-e91G

MegaRandom

509620226Analyzed
2v2 RM · 6d ago on Sep 27, 2026· 53m 18s· 4 players
Game mode
Random Map
Map size
Medium (4 player)
Population
200
Speed
Normal
Resources
Standard
Victory
Conquest
Starting age
Dark Age
Ending age
Imperial Age
RankedLock teamsTeams togetherTeam positionsShared explorationLock speedFull tech treeHidden civsTurbo modeCheats
Victory
Defeat
🇪🇸 Wu · Spain
402
+17
🇪🇸 Saxons · Spain
383
+18
🇦🇺 Goths · Australia
442
-18
🇦🇺 Turks · Australia
425
-17
DrCriticalMax
1:02 Loom
13:39 Feudal Age
15:07 Horse Collar
16:56 Wheelbarrow
19:39 Man-at-Arms
23:07 Forging
22:58 Scale Mail Armor
23:07 Arson
26:21 Stone Mining
26:24 Gold Mining
29:28 Castle Age
30:47 Iron Casting
31:34 Thumb Ring
34:26 Squires
36:47 Husbandry
37:54 Padded Archer Armor
42:08 Elite Skirmisher
46:22 Hand Cart
49:15 Chain Mail Armor
54:08 Imperial Age
Ratika
0:49 Loom
14:41 Feudal Age
16:06 Wheelbarrow
15:25 Gold Mining
19:27 Fletching
22:13 Horse Collar
24:55 Castle Age
23:39 Double-Bit Axe
27:57 Heavy Plow
36:13 Murder Holes
48:26 Bodkin Arrow
52:17 Red Cliffs Tactics
52:33 Caravan
E-d-d-i-e91G
12:45 Feudal Age
14:27 Wheelbarrow
17:04 Double-Bit Axe
17:14 Fishing Lines
21:19 Man-at-Arms
26:27 Castle Age
26:33 Gold Mining
29:13 Horse Collar
29:56 Hand Cart
29:28 Town Watch
30:27 Medium Warships
30:11 Gillnets
36:59 Imperial Age
37:04 Thumb Ring
45:07 Padded Archer Armor
44:59 Fletching
46:27 Elite Cannon Galleon
IAMASTROMAN9714
12:45 Feudal Age
16:20 Double-Bit Axe
21:32 Forging
21:23 Scale Mail Armor
21:05 Man-at-Arms
23:27 Scale Barding Armor
27:03 Bloodlines
31:48 Wheelbarrow
Connection lost

Rejoining the realm…

Still unreachable

The connection could not be restored.

Session expired

The server has moved on; the page needs a fresh start.